 Dungeon Crawl Stone Soup version 0.28.0 (webtiles) character file.

Game seed: 133477714450867292

49 Morbidden the Gusty (level 3, -1/27 HPs)
             Began as a Demigod Air Elementalist on Feb 14, 2022.
             Slain by a scorpion (8 damage)
             ... on level 3 of the Dungeon.
             The game lasted 00:01:49 (1389 turns).

Morbidden the Gusty (Demigod Air Elementalist)      Turns: 1389, Time: 00:01:50

Health: -1/27      AC:  2    Str:  9    XL:     3   Next: 32%
Magic:  3/8        EV:  9    Int: 21    God:
Gold:   97         SH:  0    Dex: 14    Spells: 3/6 levels left

rFire   . . .      SeeInvis .   a - +1 dagger (speed)
rCold   . . .      Faith    .   (no shield)
rNeg    . . .      Spirit   .   d - +0 robe
rPois   .          Reflect  .   (no helmet)
rElec   .          Harm     .   (no cloak)
rCorr   .          Rampage  .   (no gloves)
Will    .....                   (no boots)
Stlth   ++........              c - amulet of magic regeneration
HPRegen 0.09/turn               (no ring)
MPRegen 0.51/turn               (no ring)

@: very slightly contaminated, constricted
A: high MP 1, forlorn, divine attributes
a: no special abilities


You were on level 3 of the Dungeon.
You visited 1 branch of the dungeon, and saw 4 of its levels.

You collected 97 gold pieces.

Inventory:

Hand Weapons
 a - a +1 dagger of speed (weapon)
Missiles
 h - 6 atropa-tipped darts (quivered)
Armour
 d - a +0 robe (worn)
Jewellery
 c - an amulet of magic regeneration (around neck)
Scrolls
 f - a scroll of amnesia {unknown}
 g - a scroll of teleportation {unknown}
 i - a scroll of silence {unknown}
 k - a scroll of identify {unknown}
 l - 2 scrolls of summoning {unknown}
Potions
 b - a potion of brilliance {unknown}
 e - a potion of heal wounds {unknown}
 j - a potion of curing {unknown}


   Skills:
 * Level 0.6 Fighting
 + Level 1.8 Dodging
 + Level 2.1 Stealth
 * Level 2.1 Spellcasting
 * Level 1.4 Conjurations
 * Level 3.3 Air Magic


You had 3 spell levels left.
You knew the following spells:

 Your Spells              Type           Power      Damage    Failure   Level
a - Shock                 Conj/Air       48%        1d6       5%          1
z - Static Discharge      Conj/Air       12%        N/A       9%          2

Your spell library contained the following spells:

 Spells                   Type           Power      Damage    Failure   Level
 Swiftness                Air            16%        N/A       11%         3
 Airstrike                Air            8%         N/A       36%         4


Dungeon Overview and Level Annotations

Branches:
Dungeon (4/15)             Temple (0/1) D:4

Annotations:
D:4 Grinder


Innate Abilities, Weirdness & Mutations

You have an increased reservoir of magic. (+10% MP)
You shall have no god before yourself.
Your divine heritage dramatically boosts your attributes as you level up.


Message History

Unknown command.
Found a silvery potion.
A ball python comes into view.
A scorpion comes into view.
The ball python hisses angrily.
Found an escape hatch in the floor.
The ball python closely misses you. The ball python grabs you.
The ball python constricts you. The scorpion barely misses you.
There is an escape hatch in the ceiling here.
You escape the ball python's grasp.
The ball python barely misses you. x2
The scorpion stings you. A mysterious force pulls you upwards.
The hatch slams shut behind you.
Unknown command.
Casting: Shock (safe; 5% risk of failure)
Confirm with . or Enter, or press ? or * to list all spells.
The scorpion is struck by an arc of lightning!
The scorpion is moderately wounded.
You are struck by an arc of lightning.
The lightning grounds out.
The ball python bites you. The ball python grabs you.
The ball python constricts you. The scorpion closely misses you.
Unknown command.
Casting: Static Discharge (safe; 9% risk of failure)
Confirm with . or Enter, or press ? or * to list all spells.
The scorpion is struck by an arc of lightning.
The scorpion is severely wounded.
You are struck by an arc of lightning.
The lightning grounds out.
The ball python bites you but does no damage.
The ball python constricts you. The scorpion stings you!
Unknown command.
Unknown command.
Casting: Static Discharge (safe; 9% risk of failure)
Confirm with . or Enter, or press ? or * to list all spells.
You miscast Static Discharge.
You are very lightly contaminated with residual magic.
Nothing appears to happen.
The ball python bites you.
* * * LOW HITPOINT WARNING * * *
The ball python constricts you.
* * * LOW HITPOINT WARNING * * *
The scorpion stings you!
You die...

#...#######.#
#...........#
#...........#
#...........#
#...........#
##............
#.............
#s@B......
+..S......
#.........
#.......##
#####.....
..... ....
....


You could see a scorpion, a giant cockroach and a ball python.

Vanquished Creatures
  3 dart slugs
  2 bats (D:1)
  4 endoplasms
  A giant cockroach (D:1)
  5 hobgoblins
  3 quokkas (D:1)
  7 ball pythons
  A frilled lizard (D:2)
  4 goblins (D:1)
  4 kobolds (D:1)
  4 rats
38 creatures vanquished.

Notes
Turn   | Place    | Note
-------+----------+-------------------------------------------
     0 | D:1      | Morbidden the Demigod Air Elementalist began the quest for
                  | the Orb.
     0 | D:1      | Reached XP level 1. HP: 14/14 MP: 5/5
   205 | D:1      | Reached skill level 1 in Conjurations
   322 | D:1      | Reached skill level 3 in Air Magic
   399 | D:1      | Reached XP level 2. HP: 22/22 MP: 4/7
   743 | D:1      | Learned a level 2 spell: Static Discharge
  1122 | D:2      | Reached XP level 3. HP: 27/27 MP: 6/8
  1355 | D:2      | You fall into a shaft and drop 2 floors!
  1355 | D:4      | Found a staircase to the Ecumenical Temple.
  1375 | D:4      | Noticed Grinder
  1380 | D:4      | Noticed a scorpion
  1389 | D:3      | Slain by a scorpion

Illustrated notes

Levels and vault maps discovered:
D:1:      pf_arrival_petrified_forest, layout_loops_ring,
          hellmonk_ecumenical_altar_the_god_not_taken, minmay_pentomino_x4
D:2:      layout_basic
D:3:      cheibrodos_thug_alley, layout_basic, minmay_goblin_kobold_house
D:4:      minmay_clustersquares, layout_rooms, minmay_temple_entry_trees,
          uniq_blork_the_orc, uniq_grinder, uniq_sigmund

Skill      XL: |  1  2 |
---------------+-------+-----
Conjurations   | 1 |  1.4
Air Magic      | 3 |  3.3
Spellcasting   | 2 |  2.1
Stealth        | 2 |  2.1
Fighting       | |  0.6
Dodging        | |  1.8

Action                   || total
-------------------------++-------
Melee: Unarmed           ||     3
 Cast: Shock             ||    86
       Static Discharge  ||     2
Armor: Robe              ||     2
Dodge: Dodged            ||    21
